 Dungeon Crawl Stone Soup version 0.29-a0-892-g2c4c91d9db (webtiles) character file.

Game seed: 14824177497510480058

5 BritishOli the Trooper (level 1, -5/18 HPs)
             Began as a Demonspawn Fighter on July 22, 2022.
             Succumbed to a kobold's poison
             ... on level 1 of the Dungeon.
             The game lasted 00:00:13 (107 turns).

BritishOli the Trooper (Demonspawn Fighter)          Turns: 107, Time: 00:00:14

Health: -5/18      AC:  6    Str: 16    XL:     1   Next: 66%
Magic:  1/1        EV:  8    Int:  9    God:
Gold:   0          SH:  4    Dex: 12    Spells: 0/0 levels left

rFire   . . .      SeeInvis .   a - +0 long sword
rCold   . . .      Faith    .   c - +0 buckler
rNeg    . . .      Spirit   .   b - +0 scale mail
rPois   .          Reflect  .   (no helmet)
rElec   .          Harm     .   (no cloak)
rCorr   .          Rampage  .   (no gloves)
Will    .....                   (no boots)
Stlth   ..........              (no amulet)
HPRegen 0.06/turn               (no ring)
MPRegen 0.07/turn               (no ring)

@: lethally poisoned (-5 -> -26)
A: no striking features
a: no special abilities


You were on level 1 of the Dungeon.
You visited 1 branch of the dungeon, and saw 1 of its levels.

Inventory:

Hand Weapons
 a - a +0 long sword (weapon)
Armour
 b - a +0 scale mail (worn)
 c - a +0 buckler (worn)
Scrolls
 e - a scroll of teleportation {unknown}
 f - a scroll of immolation {unknown}
Potions
 d - a potion of might
 g - a potion of brilliance {unknown}


   Skills:
 + Level 3.1 Fighting
 + Level 1.9 Long Blades
 + Level 2.8 Armour
 + Level 2.8 Shields


You couldn't memorise any spells.
You didn't know any spells.
Your spell library was empty.

Dungeon Overview and Level Annotations

Branches:
Dungeon (1/15)

Altars:


Message History

The hobgoblin barely misses you.
A hobgoblin is nearby!
You hit the hobgoblin.
You kill the hobgoblin!
HP restored.
Found a ring mail.
No target in view!
f - a scroll labelled DUCLEI FOLULO No target in view!
g - a white potion No target in view!
Key pressed, stopping explore.
No target in view!
A kobold comes into view. It is wielding a +2 dagger of venom.
Found a glowing orange potion.
The kobold shouts!
A kobold is nearby!
The kobold hits you with a +2 dagger of venom.
You are poisoned.
A kobold is nearby!
You hit the kobold but do no damage.
You feel sick. The kobold hits you but does no damage.
You are more poisoned.
A kobold is nearby!
You barely miss the kobold.
You feel very sick.
The kobold hits you with a +2 dagger of venom.
You are more poisoned.
There is a lethal amount of poison in your body!
You are too injured to fight recklessly!
There is a lethal amount of poison in your body!
You are too injured to fight recklessly!
You closely miss the kobold.
* * * LOW HITPOINT WARNING * * *
You feel very sick. The kobold hits you but does no damage.
You are more poisoned.
You block the kobold's attack.
You closely miss the kobold.
You die...

...... #.....#
....!.. #### .......
#..# . .....### ##.#
#.. .....# #.#
#...#K#?#### #.######
#..@....####......##
#...#..#..##........#
#.#.##.##.#..........
#. #.
#.##.#.......... ..
#. #....#.....[....
..
#...##..#.......... #
###. #..#..........
#. #..##........# #.
#..#..........


You could see a kobold.

Vanquished Creatures
  A ball python (D:1)
  2 hobgoblins (D:1)
  A kobold (D:1)
4 creatures vanquished.

Notes
Turn   | Place    | Note
-------+----------+-------------------------------------------
     0 | D:1      | BritishOli the Demonspawn Fighter began the quest for the
                  | Orb.
     0 | D:1      | Reached XP level 1. HP: 18/18 MP: 1/1
   107 | D:1      | Succumbed to a kobold's poison

Illustrated notes

Levels and vault maps discovered:
D:1:      dpeg_arrival_tiny_k, layout_rooms

Action                   || total
-------------------------++-------
Melee: Long sword        ||    21
Armor: Scale mail        ||    13
Dodge: Dodged            ||     3
Block: Buckler           ||     6

Table legend: (Time is in decaauts)
 A = Elapsed time spent in this place.
 B = Non-inter-level travel time spent in this place.
 C = Inter-level travel time spent in this place.
 D = Time resting spent in this place.
 E = Time spent auto-exploring this place.
 F = Levels seen in this place.
 G = Mean time per level.
                   A        B        C        D        E       F      G
               +--------+--------+--------+--------+--------+-----+--------+
         Total |    114 |    114 |      0 |      0 |     70 |   1 |  114.0 |
       Dungeon |    114 |    114 |      0 |      0 |     70 |   1 |  114.0 |
               +--------+--------+--------+--------+--------+-----+--------+

Top non-repeatable levels by time:
     D:1: 114 daAuts
